 Dungeon Crawl Stone Soup version 0.25-a0-591-g2ad0d861f1 (webtiles) character file.

Game seed: 479711444469563217, levelgen mode: deterministic

5 Esekla the Charlatan (level 1, -1/9 HPs)
             Began as a Spriggan Artificer on Mar 13, 2020.
             Slain by a kobold
             ... wielding a +0 club
              (5 damage)
             ... on level 2 of the Dungeon.
             The game lasted 00:01:11 (336 turns).

Esekla the Charlatan (Spriggan Artificer)            Turns: 336, Time: 00:01:12

Health: -1/9       AC:  2    Str:  8    XL:     1   Next: 66%
Magic:  4/4        EV: 18    Int: 12    God:
Gold:   13         SH:  0    Dex: 16    Spells: 0/0 levels left

rFire    . . .     SeeInvis +   a - +0 short sword
rCold    . . .     Gourm    .   (shield restricted)
rNeg     . . .     Faith    .   b - +0 robe
rPois    .         Spirit   .   (helmet restricted)
rElec    .         Reflect  .   (no cloak)
rCorr    .         Harm     .   (gloves unavailable)
MR       .....                  (boots unavailable)
Stlth    ++........             (no amulet)
HPRegen  0.03/turn              (no ring)
MPRegen  0.09/turn              (no ring)

@: very quick
A: very small, unfitting armour, see invisible, herbivore, speed 3, slow
metabolism 2
a: no special abilities


You were on level 2 of the Dungeon.
You were not hungry.

You visited 1 branch of the dungeon, and saw 2 of its levels.

You collected 13 gold pieces.

Inventory:

Hand Weapons
 a - a +0 short sword (weapon)
Missiles
 k - 4 atropa-tipped darts (quivered)
 l - 14 poisoned darts
Armour
 b - a +0 robe (worn)
 j - a +0 leather armour
Wands
 c - a wand of flame (15)
 d - a wand of enslavement (15)
 e - a wand of random effects (15)
Scrolls
 g - 2 scrolls of amnesia {unknown}
 h - a scroll of noise {unknown}
 i - 2 scrolls of identify {unknown}
Comestibles
 f - a ration


   Skills:
 + Level 0.7 Fighting
 * Level 1.1 Short Blades
 * Level 3.0 Dodging
 + Level 2.0 Stealth
 * Level 0.1 Spellcasting
 - Level 4.2 Evocations


You couldn't memorise any spells.
You didn't know any spells.
Your spell library was empty.

Dungeon Overview and Level Annotations

Branches:
Dungeon (2/15)

Altars:


Innate Abilities, Weirdness & Mutations

You are very small and have problems with some larger weapons.
You are too small for most types of armour.
You have supernaturally acute eyesight. (SInv)
You are a herbivore.
You cover ground extremely quickly.
You need to consume almost no food.


Message History

The kobold shouts!
The kobold throws a stone.
The stone hits you. The goblin barely misses you.
You hit the goblin.
You kill the goblin!
The kobold throws a stone.
The stone hits you but does no damage.
A kobold comes into view. It is wielding a +0 short sword.
Found a ration.
The kobold shouts!
The kobold throws a stone.
The stone hits you but does no damage.
Found 9 gold pieces.
You see here a stone.
You see here 14 poisoned darts.
l - 14 poisoned darts The kobold throws a stone.
The stone hits you.
You see here 5 gold pieces.
You now have 13 gold pieces (gained 5).
You barely miss the kobold. The kobold closely misses you.
You hit the kobold but do no damage. The kobold hits you with a +0 club.
Ouch! That really hurt!
You die...

###############
#.#### #..(....#
#.#
#.......###.##
#.$..........##
#.............##
#........(.....#
#.....<........#
%..##.........#
#.K.K@....#
#...((....#
#.........#
#.........#
#.........#
##+###....#
#....# #.....#
#$......


You could see 2 kobolds.

Vanquished Creatures
  A goblin (D:2)
  2 hobgoblins
  A kobold (D:2)
4 creatures vanquished.

Notes
Turn   | Place    | Note
-------+----------+-------------------------------------------
     0 | D:1      | Esekla the Spriggan Artificer began the quest for the Orb.
     0 | D:1      | Reached XP level 1. HP: 9/9 MP: 4/4
   336 | D:2      | Slain by a kobold

Levels and vault maps discovered:
D:1:      dpeg_arrival_oval, layout_basic
D:2:      layout_rooms, nicolae_tso_swordbearing_angel, lemuel_round_altar,
          old_standard_altar, first_ration

Skill      XL: |  1 |
---------------+----+-----
Stealth        | 2 |  2.0
Fighting       | |  0.7
Short Blades   | |  1.1
Dodging        | |  3.0
Spellcasting   | |  0.1
Evocations     | |  4.2

Action                   || total
-------------------------++-------
Melee: Short sword       ||    10
 Stab: Sleeping          ||     2
Armor: Robe              ||     1
Dodge: Dodged            ||     6

Table legend:
 A = Non-vault XP
 B = Vault XP
 C = Vault XP percentage of total XP
 D = Non-vault monster count
 E = Vault monster count
 F = Vault count percentage of total count
                 A         B        C        D         E       F
            +---------+---------+-------+---------+---------+-------
      Total |       8 |       0 |   0.0 |       4 |       0 |   0.0
            +---------+---------+-------+---------+---------+-------
        D:1 |       2 |       0 |   0.0 |       1 |       0 |   0.0
        D:2 |       6 |       0 |   0.0 |       3 |       0 |   0.0
            +---------+---------+-------+---------+---------+-------
